 Dungeon Crawl Stone Soup version 0.23-a0-512-g50a8178 (webtiles) character file.

324042 MisterFreud the Warrior (level 22, -19/152 HPs)
             Began as a Kobold Berserker on Dec 2, 2018.
             Was the Champion of Trog.
             Killed from afar by an Ice Fiend (52 damage)
             ... with a bolt of cold
             ... summoned by a deep elf demonologist
             ... on level 3 of the Elven Halls on Dec 4, 2018.
             The game lasted 03:10:53 (58665 turns).

MisterFreud the Warrior (Kobold Berserker)         Turns: 58665, Time: 03:10:54

Health: -19/152    AC: 33    Str: 21    XL:     22   Next: 55%
Magic:  9/9        EV: 21    Int: 13    God:    Trog [******]
Gold:   848        SH: 15    Dex: 17    Spells: 21/21 levels left

rFire    + . .     SeeInvis .   a - +9 quick blade (antimagic)
rCold    . . .     Gourm    .   J - +2 buckler {AC+3}
rNeg     . . .     Faith    .   f - +3 plate armour of Resourcefulness {rF+ Int+4}
rPois    .         Spirit   .   i - +1 hat
rElec    .         Reflect  +   D - +2 cloak
rCorr    .         Harm     .   Z - +1 pair of gloves
MR       ++...                  m - +1 pair of boots {run}
Stlth    ..........             U - +6 amulet of reflection
HPRegen  0.35/turn              T - +3 ring of slaying
MPRegen  0.11/turn              q - ring of protection from magic

@: about to teleport, quick
A: small, carnivore
}: 2/15 runes: decaying, gossamer
a: Berserk, Trog's Hand, Brothers in Arms, Renounce Religion


You were on level 3 of the Elven Halls.
You worshipped Trog.
Trog was exalted by your worship.
You were very full.

You visited 7 branches of the dungeon, and saw 38 of its levels.
You also visited: Ice Cave.

You collected 4029 gold pieces.
You spent 3181 gold pieces at shops.

Inventory:

Hand Weapons
 a - a +9 antimagic quick blade (weapon)
 b - a +6 fustibalus of freezing
 F - the +8 short sword "Qoir Ywe" {drain, rF- MR+ Dex+3}
   (Trog gifted it to you on level 4 of the Spider Nest)

   A truly terrible weapon, it drains the life of those it strikes.
   It affects your dexterity (+3).
   It makes you vulnerable to fire.
   It affects your resistance to hostile enchantments.
Missiles
 p - a throwing net (quivered)
 v - 690 sling bullets
Armour
 f - the +3 plate armour of Resourcefulness (worn) {rF+ Int+4}
   (You bought it in a shop on level 3 of the Elven Halls)

   It affects your intelligence (+4).
   It protects you from fire.
 i - a +1 hat (worn)
 m - a +1 pair of boots of running (worn)
 D - a +2 cloak (worn)
 J - a +2 buckler of protection (worn)
 Z - a +1 pair of gloves (worn)
Jewellery
 e - a +2 ring of protection
 q - a ring of protection from magic (right hand)
 E - an uncursed ring of resist corrosion
 G - the ring of Erhauk {rN+ Str-2 Dex+4 SInv}
   (You found it on level 5 of the Lair of Beasts)

   [ring of positive energy]

   It affects your strength (-2).
   It affects your dexterity (+4).
   It protects you from negative energy.
   It lets you see invisible.
 T - a +3 ring of slaying (left hand)
 U - a +6 amulet of reflection (around neck)
Wands
 j - a wand of polymorph (13)
 y - a wand of acid (18)
 H - a wand of paralysis (5)
 Q - a wand of scattershot (1)
 S - a wand of enslavement (26)
 W - a wand of digging (17)
 X - a wand of flame (89)
 Y - a wand of iceblast (6)
Scrolls
 g - 6 scrolls of identify
 h - 7 scrolls of blinking
 k - 5 scrolls of magic mapping
 w - 5 scrolls of teleportation
 x - 10 scrolls of remove curse
 L - 5 scrolls of fear
 O - 7 scrolls of fog
 V - 3 scrolls of summoning
Potions
 d - 13 potions of curing
 o - 6 potions of heal wounds
 r - 7 potions of mutation
 s - 2 potions of agility
 t - 7 potions of haste
 u - 8 potions of flight
 z - a potion of cancellation
 A - 8 potions of ambrosia
 B - 5 potions of resistance
 K - 5 potions of might
 M - 4 potions of magic
 N - a potion of invisibility
 P - 3 potions of berserk rage
Miscellaneous
 l - a phantom mirror
 C - a lamp of fire
 I - a box of beasts
 R - a sack of spiders
Comestibles
 c - 65 rations


   Skills:
 - Level 20.0 Fighting
 - Level 14.0 Short Blades
 - Level 14.0 Slings
 - Level 16.0 Armour
 + Level 19.3 Dodging
 - Level 10.0 Stealth
 - Level 5.6 Shields
 - Level 10.0 Evocations


You had 21 spell levels left.
You didn't know any spells.
Your spell library was empty.

Dungeon Overview and Level Annotations

Branches:
Dungeon (15/15)            Temple (0/1) D:6            Lair (6/6) D:10
  Swamp (4/4) Lair:3       Spider (4/4) Lair:3        Slime (0/5) Lair:6
    Orc (2/2) D:11            Elf (3/3) Orc:2        Vaults (4/5) D:14
  Crypt (0/3) Vaults:2     Depths (0/5) D:15

Altars:
Ashenzari
Cheibriados
Fedhas
Hepliaklqana
Makhleb
Okawaru
Sif Muna
Uskayaw
Vehumet
Wu Jian
Yredelemnul
The Shining One
Jiyva

Shops:
D:4 *   D:6 [   D:11 !(=   D:14 :   Orc:1 *   Orc:2 %[[(   Elf:1 %!(   Elf:3 [
Vaults:2 (   Vaults:3 *

Portals:
Hell: Lair:6

Annotations:
D:15 exclusion: Roxanne, Roxanne
Swamp:1 2 transporters
Elf:2 1 runed door


Innate Abilities, Weirdness & Mutations

You are small and have problems with some larger weapons.
You are carnivorous and can eat meat at any time.


Message History

You feel less resistant to hostile enchantments.
A deep elf high priest comes into view.
It is wielding a +2 short sword of The Tzitzimitl calls on the powers of darkness!
The deep elf high priest convulses!
The deep elf sorcerer convulses!
The deep elf demonologist convulses!
The deep elf annihilator convulses!
The deep elf high priest convulses! x3; Your body is wracked with pain!
* * * LOW HITPOINT WARNING * * *
The deep elf high priest invokes the aid of its god against you.
Something smites you!
* * * LOW HITPOINT WARNING * * *
The deep elf annihilator gestures wildly while chanting.
The deep elf annihilator blinks!
The Ice Fiend claws you but does no damage.
You block the Ice Fiend's attack.
The deep elf demonologist mumbles some strange words.
The deep elf high priest utters an invocation to its god.
The deep elf high priest begins emitting a brilliant aura!
The Ice Fiend gestures at you. The bolt of cold hits you!
You die...

#..........
#..........
#..........
#########.........
#................#
#.#########.....##
#.# ####### #.#
#@# #)# #1# #e#
#e1 #1e# #e4# #ee#
#e.#


You could see a Tzitzimitl, an Ice Fiend, an Executioner, a deep elf sorcerer, a
deep elf demonologist, 4 deep elf high priests and a hellwing.

Vanquished Creatures
  Arachne (Spider:4)
  Rupert (Lair:6)
  Asterion (Spider:1)
  2 liches (Vaults:3)
  2 thorn hunters
  A shadow dragon (Vaults:3)
  2 vault wardens (Vaults:1)
  4 ghost moths
  3 deep elf elementalists
  2 emperor scorpions (Spider:4)
  Louise (Spider:3)
  2 deep elf sorcerers (Elf:3)
  9 ironheart preservers
  5 stone giants
  3 entropy weavers
  A deep elf demonologist (Elf:1)
  A spark wasp (Spider:3)
  2 deep elf annihilators (Elf:3)
  2 deep elf death magi
  Snorg (Orc:1)
  A fire dragon (Vaults:1)
  3 yaktaur captains
  Josephine (Lair:5)
  Fannar (D:10)
  A rakshasa (Vaults:2)
  2 ice dragons
  2 vault guards (Vaults:1)
  A ghost crab (Swamp:2)
  20 hydras
  3 catoblepae
  23 dancing weapons
  8 centaur warriors
  7 death yaks
  8 alligators
  A deep troll shaman (Vaults:2)
  19 two-headed ogres
  5 orc high priests
  6 ogre magi
  2 tengu warriors (D:15)
  Urug (D:12)
  21 deep elf knights
  11 skeletal warriors
  2 unseen horrors
  A sixfirhy (Lair:6)
  13 swamp dragons
  2 glowing orange brains
  3 deep trolls (Vaults:2)
  4 wizards
  19 deep elf archers
  2 spriggan druids
  2 tengu zombies (Vaults:2)
  11 orc knights
  2 necromancers
  5 harpies (Vaults:3)
  8 ironbrand convokers
  4 orc sorcerers
  21 orb spiders
  33 wolf spiders
  59 deep elf magi
  3 manticores
  18 elephants
  2 sphinx skeletons (Vaults:2)
  3 moths of wrath
  5 cyclopes
  A tengu skeleton (Vaults:2)
  Maurice (D:7)
  A stone giant skeleton (Vaults:2)
  2 salamanders
  6 ugly things
  3 black mambas
  6 vault sentinels
  4 human skeletons (Vaults:2)
  A guardian serpent (Lair:3)
  A guardian serpent (shapeshifter) (Elf:3)
  2 orange demons (Lair:6)
  18 spiny frogs
  A smoke demon (Lair:6)
  4 torpor snails
  A gargoyle (D:15)
  8 rime drakes
  6 komodo dragons
  A kobold demonologist (D:12)
  2 rime drakes (shapeshifter)
  An anaconda simulacrum (IceCv)
  20 yaktaurs
  2 freezing wraiths (Vaults:3)
  15 demonic crawlers
  4 ice devils (Lair:6)
  2 tengu conjurers
  A polar bear (shapeshifter) (Vaults:3)
  A jumping spider (shapeshifter) (D:15)
  6 polar bears
  16 tyrant leeches
  14 hornets
  6 trolls
  10 hippogriffs
  47 jumping spiders
  4 bog bodies
  12 blink frogs
  59 slime creatures
  12 dream sheep
  2 centaur simulacra (D:12)
  2 shadows
  59 tarantellas
  9 water elementals
  9 spriggans
  100 redbacks
  An ettin skeleton (Vaults:2)
  5 air elementals
  6 wraiths
  Sigmund (D:5)
  A spriggan (shapeshifter) (Vaults:1)
  41 yaks
  4 wyverns
  3 fire elementals
  2 hungry ghosts
  Grum (D:8)
  18 vampire mosquitoes
  4 basilisks
  2 wargs
  Menkaure (D:5)
  A deep troll zombie (Vaults:2)
  24 swamp worms
  13 insubstantial wisps
  2 acid dragons
  2 deep troll skeletons (Vaults:2)
  11 water moccasins
  A hydra simulacrum (IceCv)
  10 porcupines
  3 hell hounds (Lair:6)
  9 ice beasts
  5 sky beasts
  32 orc warriors
  11 swamp drakes
  2 black bears (shapeshifter)
  10 black bears
  An elf zombie (Vaults:2)
  A necrophage (D:10)
  2 ettin simulacra
  An eye of draining (D:11)
  5 phantoms
  An elf skeleton (Vaults:2)
  6 boggarts
  28 ogres
  15 wolves
  19 centaurs
  12 crocodiles
  A big kobold (D:7)
  13 bullfrogs
  A glowing shapeshifter simulacrum (Vaults:1)
  3 earth elementals
  3 scorpions
  A human simulacrum (Vaults:3)
  5 killer bees (D:11)
  19 wights
  7 howler monkeys
  9 electric eels
  6 crimson imps
  A bullfrog zombie (D:12)
  3 centaur zombies
  8 hounds
  5 jellies
  28 orc priests
  2 bullfrog skeletons
  3 centaur skeletons
  3 iguanas
  33 orc wizards
  12 worker ants
  A killer bee zombie (D:5)
  A hound zombie (D:5)
  A hound skeleton (D:9)
  2 worker ant zombies
  7 gnolls
  14 adders
  2 shadow imps
  3 white imps (D:12)
  An ooze (D:2)
  2 adder zombies (D:9)
  An adder skeleton (D:8)
  A worm (D:3)
  2 dart slugs (D:1)
  3 leopard geckos
  92 orcs
  4 ball pythons
  6 giant cockroaches
  9 hobgoblins
  16 jackals
  12 kobolds
  6 quokkas
  12 bats
  7 frilled lizards
  12 goblins
  A leopard gecko skeleton (D:6)
  A leopard gecko zombie (D:6)
  A quokka skeleton (D:8)
  7 rats
1607 creatures vanquished.

Vanquished Creatures (collateral kills)
  the Lernaean hydra (Swamp:4)
  2 fire giants (Vaults:3)
  A ghost moth (Spider:4)
  An emperor scorpion (Spider:4)
  An ironheart preserver (Vaults:3)
  A war gargoyle (Vaults:3)
  An entropy weaver (Spider:3)
  A very ugly thing (Vaults:3)
  An ettin (Vaults:2)
  2 hydras
  A two-headed ogre (Vaults:3)
  A death knight (Vaults:3)
  A death yak (Lair:6)
  An orc knight (Vaults:3)
  An orb spider (Spider:1)
  4 vault sentinels
  2 yaktaurs (Vaults:3)
  A komodo dragon (Lair:6)
  2 freezing wraiths (Vaults:3)
  4 jumping spiders (Spider:3)
  3 hornets
  5 redbacks
  3 tarantellas (Spider:4)
  4 yaks (Lair:6)
  A wraith (Vaults:3)
  2 orc warriors (Vaults:2)
  A boggart (Vaults:3)
  A crimson imp (D:8)
  An adder (D:8)
  An orc (Vaults:3)
  A kobold (D:8)
53 creatures vanquished.

Vanquished Creatures (others)
  A deep elf archer (Elf:1)
  A wizard (Vaults:3)
  An orb spider (Spider:1)
  A deep elf mage (Vaults:3)
  A spiny frog (Swamp:2)
  4 yaktaurs
  A jumping spider (Spider:1)
  2 hornets (Swamp:2)
  A redback (Spider:2)
  2 spriggans (Swamp:2)
  An orc (Orc:2)
  4 briar patches (Swamp:4)
  3 bushes (Lair:3)
  23 fungi
  25 plants
71 creatures vanquished.

Grand Total: 1731 creatures vanquished

Notes
Turn   | Place    | Note
-------+----------+-------------------------------------------
     0 | D:1      | MisterFreud the Kobold Berserker began the quest for the
                  | Orb.
     0 | D:1      | Reached XP level 1. HP: 14/14 MP: 1/1
   195 | D:1      | Reached XP level 2. HP: 19/19 MP: 2/2
   545 | D:1      | Reached skill level 5 in Short Blades
   971 | D:2      | Reached XP level 3. HP: 1/23 MP: 3/3
  1320 | D:2      | Found a faded altar of an unknown god.
  1587 | D:2      | Reached ** piety under Trog
  1700 | D:2      | Reached XP level 4. HP: 25/28 MP: 4/4
  1893 | D:2      | Found a shattered altar of Ashenzari.
  2308 | D:2      | Reached XP level 5. HP: 32/32 MP: 5/5
  2550 | D:3      | Reached *** piety under Trog
  3050 | D:3      | Reached skill level 1 in Stealth
  3113 | D:3      | Reached XP level 6. HP: 24/37 MP: 6/6
  3520 | D:3      | Found a deep blue altar of Sif Muna.
  4106 | D:4      | Noticed a phantom
  4120 | D:4      | Killed a phantom
  4120 | D:4      | Reached skill level 5 in Stealth
  4129 | D:4      | Reached **** piety under Trog
  4129 | D:4      | Reached XP level 7. HP: 5/41 MP: 7/7
  4733 | D:4      | Found Dich's Assorted Antiques.
  4736 | D:4      | Bought a pair of glowing boots for 180 gold pieces
  4736 | D:4      | Bought a sedimented grey potion for 21 gold pieces
  4787 | D:5      | Entered Level 5 of the Dungeon
  5437 | D:5      | Noticed Menkaure
  5664 | D:5      | Reached skill level 10 in Short Blades
  5664 | D:5      | Reached XP level 8. HP: 23/46 MP: 8/8
  5782 | D:5      | Killed Menkaure
  6097 | D:5      | Noticed Sigmund
  6275 | D:5      | Killed Sigmund
  6470 | D:6      | Reached skill level 4 in Fighting
  6470 | D:6      | Reached XP level 9. HP: 52/52 MP: 9/9
  6531 | D:6      | Found a staircase to the Ecumenical Temple.
  6654 | D:6      | Reached skill level 5 in Fighting
  6686 | D:6      | Found Cos Maba's Armour Boutique.
  6747 | D:6      | Reached skill level 5 in Dodging
  7140 | D:6      | Found a glowing golden altar of the Shining One.
  7172 | D:6      | Reached skill level 6 in Fighting
  7662 | D:7      | Received a gift from Trog
  8131 | D:8      | Noticed Grum
  8153 | D:7      | Reached skill level 7 in Fighting
  8153 | D:7      | Reached skill level 1 in Evocations
  8165 | D:7      | Reached XP level 10. HP: 54/63 MP: 9/11
  8299 | D:8      | Killed Grum
  8477 | D:8      | Noticed a cyclops
  8506 | D:8      | Noticed Maurice
  8524 | D:7      | Reached skill level 8 in Fighting
  8869 | D:7      | Killed Maurice
  8869 | D:7      | Reached ***** piety under Trog
  8869 | D:7      | Reached skill level 5 in Evocations
  8980 | D:8      | Killed a cyclops
  9244 | D:8      | Got a faintly glowing trident
  9245 | D:8      | Identified the +6 trident "Ywippaogi" {venom, rF+ rN+ MP+9}
                  | (You found it on level 8 of the Dungeon)
  9713 | D:9      | Reached skill level 10 in Dodging
  9899 | D:9      | Reached XP level 11. HP: 68/68 MP: 15/15
  9921 | D:9      | Received a gift from Trog
 10194 | D:6      | Bought a +0 pair of boots of running for 315 gold pieces
 10935 | D:9      | Found a hazy altar of Hepliaklqana.
 10935 | D:9      | Found an iron altar of Okawaru.
 10940 | D:9      | Found a hide-covered altar of Uskayaw.
 10942 | D:9      | Found a blossoming altar of Fedhas.
 10943 | D:9      | Found a basalt altar of Yredelemnul.
 11013 | D:10     | Entered Level 10 of the Dungeon
 11059 | D:10     | Reached skill level 9 in Fighting
 11269 | D:10     | Noticed Fannar
 11286 | D:10     | Killed Fannar
 11355 | D:10     | Found a staircase to the Lair.
 12045 | D:10     | Received a gift from Trog
 12101 | D:10     | Upgraded the game from 0.23-a0-489-g205b0b6 to
                  | 0.23-a0-494-g91793a9
 12180 | D:10     | Reached XP level 12. HP: 73/77 MP: 18/18
 12371 | Lair:1   | Entered Level 1 of the Lair of Beasts
 12496 | Lair:1   | Noticed an eight-headed hydra
 12566 | Lair:1   | Killed an eight-headed hydra
 12566 | Lair:1   | Reached skill level 1 in Slings
 12840 | Lair:1   | Noticed a four-headed hydra
 12850 | Lair:1   | Killed a four-headed hydra
 12850 | Lair:1   | Reached skill level 10 in Fighting
 13092 | Lair:1   | Reached skill level 10 in Stealth
 13723 | Lair:2   | Reached skill level 10 in Evocations
 14159 | Lair:2   | Noticed a catoblepas
 14264 | Lair:2   | Found a snail-covered altar of Cheibriados.
 14818 | Lair:2   | Killed a catoblepas
 14818 | Lair:2   | Reached skill level 5 in Armour
 14891 | Lair:3   | Noticed a death yak
 14902 | Lair:3   | Noticed a death yak
 14907 | Lair:3   | Noticed an eight-headed hydra
 14920 | Lair:2   | Killed a death yak
 15123 | Lair:3   | Found a staircase to the Swamp.
 15149 | Lair:3   | Reached XP level 13. HP: 78/82 MP: 20/20
 15432 | Lair:3   | Found a hole to the Spider Nest.
 15523 | Lair:4   | Noticed a five-headed hydra
 15600 | Lair:4   | Killed a five-headed hydra
 15743 | Lair:3   | Killed an eight-headed hydra
 16125 | Lair:3   | Reached skill level 15 in Dodging
 16603 | Lair:3   | Noticed an eight-headed hydra
 16604 | Lair:3   | Noticed a catoblepas
 16606 | Lair:3   | Killed a catoblepas
 16610 | Lair:3   | Killed an eight-headed hydra
 17066 | Lair:4   | Noticed a five-headed hydra
 17073 | Lair:4   | Killed a five-headed hydra
 17132 | Lair:4   | Got a pitted ring mail
 17143 | Lair:4   | Identified the cursed +0 ring mail "Wuebby" {rPois Dex+3
                  | Stlth+} (You found it on level 4 of the Lair of Beasts)
 17179 | Lair:4   | Reached XP level 14. HP: 88/88 MP: 21/21
 17626 | Lair:5   | Got a clouded glass ring
 17628 | Lair:5   | Identified the ring of Erhauk {rN+ Str-2 Dex+4 SInv} (You
                  | found it on level 5 of the Lair of Beasts)
 17701 | Lair:5   | Received a gift from Trog
 17796 | Lair:5   | Found the +8 demon blade "Bloodbane" {slice, *Rage +Rage
                  | Stlth-}
 17884 | Lair:5   | Reached skill level 1 in Shields
 18325 | Lair:5   | Noticed Josephine
 18357 | Lair:5   | Killed Josephine
 18729 | Lair:6   | Entered Level 6 of the Lair of Beasts
 18733 | Lair:6   | Found a viscous altar of Jiyva.
 18733 | Lair:6   | Found a staircase to the Slime Pits.
 18747 | Lair:6   | Received a gift from Trog
 18841 | Lair:6   | Reached skill level 5 in Slings
 19350 | Lair:5   | Received a gift from Trog
 19712 | Lair:6   | Noticed Rupert
 19812 | Lair:6   | Killed Rupert
 20072 | Lair:5   | Received a gift from Trog
 20333 | Lair:6   | Reached skill level 5 in Shields
 20467 | Lair:6   | Reached XP level 15. HP: 75/92 MP: 22/22
 20770 | Lair:6   | Found a burning altar of Makhleb.
 21302 | Lair:6   | Found a gateway to Hell.
 21632 | D:11     | Found Efidim's Distillery.
 21641 | D:11     | Found a staircase to the Orcish Mines.
 21673 | D:11     | Received a gift from Trog
 21691 | D:11     | Bought a potion of curing for 39 gold pieces
 21691 | D:11     | Bought a potion of curing for 39 gold pieces
 21691 | D:11     | Bought a potion of curing for 39 gold pieces
 21691 | D:11     | Bought a potion of lignification for 39 gold pieces
 21691 | D:11     | Bought a potion of lignification for 39 gold pieces
 22042 | D:11     | Received a gift from Trog
 22075 | D:11     | Found Cocru's Jewellery Shop.
 22307 | D:11     | Found Tolop's Antique Weapon Shoppe.
 22486 | D:12     | Received a gift from Trog
 22486 | D:12     | Reached skill level 10 in Armour
 22818 | D:12     | Noticed Urug
 22833 | D:12     | Killed Urug
 23258 | D:12     | Received a gift from Trog
 24692 | D:14     | Received a gift from Trog
 24795 | D:14     | Reached skill level 11 in Fighting
 24905 | D:14     | Found Lenid's Book Shop.
 24958 | D:14     | Found a gate to the Vaults.
 24958 | D:14     | Noticed an ironheart preserver
 25077 | D:14     | Killed an ironheart preserver
 25483 | D:14     | Reached XP level 16. HP: 101/101 MP: 23/23
 25513 | D:15     | Entered Level 15 of the Dungeon
 25556 | D:15     | Reached skill level 12 in Fighting
 26295 | D:15     | Received a gift from Trog
 26346 | D:15     | Found a staircase to the Depths.
 26365 | D:15     | Reached skill level 13 in Fighting
 26780 | D:15     | Identified Roxanne's Papyrus of Transformation
 26780 | D:15     | Noticed Roxanne
 27158 | Swamp:1  | Entered Level 1 of the Swamp
 27223 | Swamp:1  | Noticed a thorn hunter
 27231 | Swamp:1  | Found a transporter.
 27251 | Swamp:1  | Found the +0 Maxwell's etheric cage {RegenMP+ *Contam rElec
                  | MP+4}
 27253 | Swamp:1  | Found a transporter.
 27688 | Swamp:1  | Reached ****** piety under Trog
 27760 | Swamp:1  | Found the +3 salamander hide armour {+Rage rF++}
 28023 | Swamp:2  | Reached skill level 14 in Fighting
 28177 | Swamp:2  | Received a gift from Trog
 28323 | Swamp:2  | Received a gift from Trog
 29658 | Swamp:3  | Noticed a thorn hunter
 29686 | Swamp:3  | Killed a thorn hunter
 30066 | Swamp:3  | Reached XP level 17. HP: 110/111 MP: 8/24
 30280 | Swamp:3  | Received a gift from Trog
 30540 | Swamp:4  | Entered Level 4 of the Swamp
 30692 | Swamp:4  | Found a frozen archway.
 30701 | IceCv    | Entered an ice cave
 31053 | Swamp:4  | Noticed a thorn hunter
 31081 | Swamp:4  | Killed a thorn hunter
 31585 | Swamp:4  | Received a gift from Trog
 32000 | Swamp:4  | Received a gift from Trog
 32445 | Swamp:4  | Noticed the 27-headed Lernaean hydra
 32727 | Spider:1 | Entered Level 1 of the Spider Nest
 35032 | Spider:1 | Received a gift from Trog
 35547 | Spider:1 | Noticed Asterion
 35584 | Spider:1 | Killed Asterion
 36206 | Spider:2 | Reached XP level 18. HP: 116/116 MP: 8/25
 36602 | Spider:2 | Received a gift from Trog
 36888 | Spider:2 | Received a gift from Trog
 36998 | Spider:2 | Reached skill level 15 in Armour
 38374 | Spider:3 | Received a gift from Trog
 38845 | Spider:3 | Received a gift from Trog
 39203 | Spider:3 | Noticed Louise
 39510 | Spider:3 | Killed Louise
 39640 | Spider:3 | Received a gift from Trog
 39889 | Spider:3 | Received a gift from Trog
 40165 | Spider:4 | Entered Level 4 of the Spider Nest
 40591 | Spider:4 | Reached skill level 15 in Fighting
 40593 | Spider:4 | Noticed Arachne
 40623 | Spider:4 | Received a gift from Trog
 40632 | Spider:4 | Got an encrusted short sword {god gift}
 40636 | Spider:4 | Identified the +8 short sword "Qoir Ywe" {drain, rF- MR+
                  | Dex+3} (Trog gifted it to you on level 4 of the Spider
                  | Nest)
 40938 | Spider:4 | Killed Arachne
 41065 | Spider:4 | Reached XP level 19. HP: 124/124 MP: 0/26
 41844 | Spider:4 | Reached skill level 16 in Fighting
 41985 | Spider:4 | Received a gift from Trog
 42008 | Spider:4 | Got a pitted dagger {god gift}
 42009 | Spider:4 | Identified the +1 dagger of Frustration {elec, MR- Str+2
                  | Dex+2} (Trog gifted it to you on level 4 of the Spider
                  | Nest)
 42866 | Spider:4 | Got a gossamer rune of Zot
 43157 | Swamp:4  | Killed the 27-headed Lernaean hydra
 43245 | Swamp:4  | Got a decaying rune of Zot
 43743 | Orc:1    | Entered Level 1 of the Orcish Mines
 43830 | Orc:1    | Received a gift from Trog
 43843 | Orc:1    | Noticed Snorg
 43866 | Orc:1    | Killed Snorg
 43959 | Orc:1    | Found a dark tunnel.
 43978 | Orc:1    | Found Qurrahiy's General Store.
 43998 | Orc:1    | Bought a +6 amulet of reflection for 994 gold pieces
 43998 | Orc:1    | Bought a scroll of teleportation for 51 gold pieces
 44093 | Orc:2    | Entered Level 2 of the Orcish Mines
 44587 | Orc:2    | Found a staircase to the Elven Halls.
 45733 | Orc:2    | Reached skill level 10 in Slings
 45857 | Orc:2    | Found Elatuz's Antique Armour Shoppe.
 45857 | Orc:2    | Found Fihi Xiz's Antique Weapon Shoppe.
 45857 | Orc:2    | Found Hamamoj's Antique Armour Emporium.
 45897 | Orc:2    | Found Egroq's Food Emporium.
 45906 | Orc:2    | Bought an ancient chain mail for 313 gold pieces
 45922 | Orc:2    | Identified the cursed +1 chain mail of Xeaxary {MP+9} (You
                  | bought it in a shop on level 2 of the Orcish Mines)
 46314 | Vaults:1 | Entered Level 1 of the Vaults
 46410 | Vaults:1 | Found an ornate altar of the Wu Jian Council.
 46484 | Vaults:1 | Received a gift from Trog
 47282 | Vaults:1 | Received a gift from Trog
 47531 | Vaults:1 | Reached XP level 20. HP: 62/131 MP: 9/27
 49196 | Vaults:2 | Received a gift from Trog
 50464 | Vaults:2 | Received a gift from Trog
 50656 | Vaults:2 | Found a staircase to the Crypt.
 51458 | Vaults:2 | Found Xuseoloz's Weapon Shoppe.
 51690 | Vaults:3 | Reached skill level 17 in Fighting
 51716 | Vaults:3 | Got a shimmering scale mail
 51717 | Vaults:3 | Identified the +3 scale mail "Matoh" {rElec Str+4} (You
                  | found it on level 3 of the Vaults)
 51846 | Vaults:3 | Found Xosar's General Store.
 52070 | Vaults:3 | Received a gift from Trog
 52255 | Vaults:3 | Reached XP level 21. HP: 122/140 MP: 9/28
 52419 | Vaults:3 | Reached skill level 18 in Fighting
 52824 | Vaults:3 | Received a gift from Trog
 53321 | Vaults:3 | Reached skill level 19 in Fighting
 54253 | Elf:1    | Entered Level 1 of the Elven Halls
 54283 | Elf:1    | Found a radiant altar of Vehumet.
 54323 | Elf:1    | Received a gift from Trog
 54661 | Elf:1    | Received a gift from Trog
 54802 | Elf:1    | Found Rofuicse's Antique Weapon Shoppe.
 54804 | Elf:1    | Found Ratan's Distillery.
 54806 | Elf:1    | Found Cituaz's Food Shoppe.
 54818 | Elf:1    | Bought a potion of might for 48 gold pieces
 54818 | Elf:1    | Bought a potion of might for 48 gold pieces
 54818 | Elf:1    | Bought a potion of curing for 36 gold pieces
 54930 | Elf:1    | Received a gift from Trog
 55000 | Elf:1    | Reached skill level 20 in Fighting
 55788 | Elf:2    | Upgraded the game from 0.23-a0-494-g91793a9 to
                  | 0.23-a0-512-g50a8178
 56039 | Elf:2    | Received a gift from Trog
 56132 | Elf:2    | Received a gift from Trog
 56163 | Elf:2    | Reached XP level 22. HP: 135/152 MP: 9/29
 56322 | Elf:2    | Found a runed door.
 56345 | Elf:2    | Found a runed door.
 56492 | Elf:2    | Received a gift from Trog
 56642 | Elf:2    | Received a gift from Trog
 57178 | Elf:3    | Entered Level 3 of the Elven Halls
 57478 | Elf:2    | Identified the +9 hand axe "Rot Muin" {chop, *Slow rElec
                  | rN+++ Str+4 Int-4}
 58231 | Elf:3    | Received a gift from Trog
 58392 | Elf:3    | Got an amethyst-encrusted plate armour
 58393 | Elf:3    | Identified the +1 plate armour "Baudajimy" {Str+4} (You
                  | found it on level 3 of the Elven Halls)
 58520 | Elf:3    | Found Vughicseobb's Antique Armour Shoppe.
 58525 | Elf:3    | Bought an agate-encrusted plate armour for 980 gold pieces
 58525 | Elf:3    | Identified the +3 plate armour of Resourcefulness {rF+
                  | Int+4} (You bought it in a shop on level 3 of the Elven
                  | Halls)
 58665 | Elf:3    | Killed from afar by an Ice Fiend

Vault maps used:
D:1:      saegor_arrival_simple_b
D:2:      evilmike_ruin_ashenzari, chequers_ecumenical_altar_simple,
          kennysheep_generic_room_7
D:3:      led_sif_pool, first_ration, minmay_joined_circles
D:4:      serial_shops, kennysheep_mini_moat
D:5:      uniq_menkaure, uniq_sigmund
D:6:      lemuel_crystal_altar, temple_fountains, serial_shops, shop
D:7:      minmay_misc_feat_chi
D:8:      nicolae_overflow_hidden_temple, enter_bailey_3, uniq_maurice,
          uniq_grum
D:9:      chequers_temple_overflow_minitemple
D:10:     minmay_lair_entry_grove, grunt_tengu_nest, hive_lemuel, uniq_fannar
D:11:     david_orc_2, serial_shops, nicolae_shop_behind_doors, shop, shop,
          serial_bayou, serial_bayou_pond_d, serial_bayou_ford_a,
          serial_bayou_pond_d, serial_bayou_lagoon_a
D:12:     serial_ice, serial_ice_o, serial_ice_b, serial_ice_l, serial_ice_e,
          serial_ice_c, serial_ice_n, serial_ice_a, serial_ice_h,
          kennysheep_generic_room_4, uniq_urug
D:14:     skrybe_vaults_entry_preservation, serial_shops, shop
D:15:     hangedman_depths_entry_try_elsewhere_first, serial_bayou_lake_a,
          uniq_roxanne
Lair:1:   beast_lair_carwin_large_3
Lair:2:   basic_altar, lemuel_fruit_tree
Lair:3:   minmay_swamp_entry_swarm, spider_nest_entry_a, st_stairs_9,
          chequers_serial_rivers_large_a, grunt_forest_large_clearing_hut,
          serial_bayou_shore_b, grunt_megastairs_5
Lair:4:   columned_hall_lemuel, beast_lair_carwin_3
Lair:5:   statuecave_lemuel, minivault_24, infiniplex_staircase_pool_2,
          uniq_josephine
Lair:6:   evil_forest, slime_altar_1, uniq_rupert
Swamp:1:  gammafunk_the_bubble, nicolae_swamp_orc_logging_accident
Swamp:2:  evilmike_swamp_ruin_house_3
Swamp:3:  evilmike_swamp_ruin_house_6, swamp_pool2
Swamp:4:  swamp_old_school, portal_ice_cave_entry_pillars_three
Spider:1: spider_trap, worms_lemuel, uniq_asterion
Spider:3: mumra_spider_spiderweb, spiders_nest_ghost_moth_duel, uniq_louise
Spider:4: spider_rune_water, uniq_arachne
Orc:1:    serial_shops, nicolae_shop_temple_entry_statues_fountains,
          enter_volcano_1, uniq_snorg
Orc:2:    st_orc_mages, nicolae_orc_rockfall
Elf:1:    eino_elf_arrival_altar, minmay_elf_sorcery, minmay_shop_star
Elf:3:    minmay_elf_hall_x, serial_shops, shop_statue, minmay_the_grid_2x2
Vaults:1: ontoclasm_vaults_pinch, vaults_mumra_hexcomb, vaults_room_ringed_pool,
          vaults_room_boxed, nicolae_vaults_alarming, v_misc_28,
          nicolae_vaults_network_quinsquares, vaults_room_door_hall, basic_altar
Vaults:2: v_misc_14, minmay_crypt_entry_skeletal_spiral,
          nicolae_vaults_network_quincunx, v_rooms_3, vaults_room_corners,
          nicolae_vaults_theta, nicolae_vaults_bisected_exclaves,
          vaults_room_semicircle, ontoclasm_vaults_ring_square, v_misc_1,
          hangedman_vaults_restitches, nicolae_vaults_angled_halls,
          serial_shops, shop
Vaults:3: hangedman_vaults_stretched_pinwheel,
          dpeg_vaults_pockets_of_resistance, ontoclasm_vaults_idyll, v_misc_11,
          vaults_room_fours, v_misc_19, v_misc_4, vaults_dpeg_hooks, v_rooms_6,
          nicolae_vaults_mini_display_case, hangedman_vaults_trim,
          vaults_room_hallway, vaults_room_semicircle, serial_shops, shop
Vaults:4: dpeg_vaults_monster_row, v_misc_28, nicolae_vaults_ninety_degrees,
          nicolae_vaults_little_squares_3, v_misc_1, hangedman_vaults_nails,
          vaults_dpeg_diagonal, serial_shops, bzr_entry_customers,
          uniq_frederick, uniq_margery, uniq_sojobo
IceCv:    ice_cave_statue_garden_chambered

Skill      XL: |  1  2  3  4  5  6  7  8  9 10 11 12 13 14 15 16 17 18 19 20 21 22 |
---------------+-------------------------------------------------------------------+-----
Short Blades   | 5 6 7 8 10 12 14 | 14.0
Stealth        | 1 5 6 9 10 | 10.0
Dodging        | 3 7 10 11 12 16 17 19 | 19.3
Fighting       | 4 7 8 9 10 11 14 15 16 17 20 | 20.0
Evocations     | 2 6 8 10 | 10.0
Slings         | 1 3 6 12 14 | 14.0
Armour         | 6 8 10 11 14 16 | 16.0
Shields        | 5 |  5.6

Action                   |  1- 3 |  4- 6 |  7- 9 | 10-12 | 13-15 | 16-18 | 19-21 | 22-24 || total
-------------------------+-------+-------+-------+-------+-------+-------+-------+-------++-------
Melee: Short sword       |   125 |   268 |   369 |   619 |  1606 |    31 |       |       ||  3018
       Dagger            |       |       |    32 |       |       |       |       |       ||    32
       Quick blade       |       |       |       |     9 |    19 |  3326 |  4588 |   593 ||  8535
 Fire: Fustibalus        |       |       |       |       |    19 |       |    77 |     6 ||   102
Throw: Stone             |       |       |     1 |       |       |       |       |       ||     1
Invok: Berserk           |     1 |     9 |    11 |    16 |    13 |    21 |     4 |       ||    75
       Trog's Hand       |       |       |     5 |     1 |     9 |    10 |    10 |     1 ||    36
       Brothers in Arms  |       |       |       |     1 |     1 |     3 |    10 |       ||    15
Evoke: Wand              |       |       |       |     6 |     9 |    59 |     6 |     1 ||    81
       Lamp of fire      |       |       |       |       |       |     2 |       |       ||     2
  Use: Scroll            |       |     9 |       |    17 |    10 |    11 |    12 |     3 ||    62
       Potion            |       |       |       |       |     1 |     2 |     4 |     1 ||     8
 Stab: Sleeping          |     3 |     1 |    10 |    27 |    32 |    27 |     8 |     2 ||   110
       Distracted        |       |       |     2 |     2 |     8 |     7 |     2 |       ||    21
       Paralysed         |       |       |       |     1 |     4 |     7 |     2 |       ||    14
  Eat: Chunk             |     7 |    20 |    25 |    37 |    52 |    67 |    57 |     8 ||   273
       Ration            |       |       |       |       |       |     4 |       |       ||     4
Armor: Animal skin       |    36 |    44 |    45 |    49 |    22 |       |       |       ||   196
       Ring mail         |       |       |       |       |    92 |   235 |       |       ||   327
       Chain mail        |       |       |       |       |       |    92 |   438 |    54 ||   584
       Plate armour      |       |       |       |       |       |       |       |     9 ||     9
Dodge: Dodged            |   122 |   179 |   208 |   357 |   954 |  1664 |  1028 |    92 ||  4604
Block: Buckler           |       |       |       |       |   378 |   867 |  1164 |    85 ||  2494
       Reflection        |       |       |       |       |       |       |    81 |     6 ||    87

Table legend:
 A = Non-vault XP
 B = Vault XP
 C = Vault XP percentage of total XP
 D = Non-vault monster count
 E = Vault monster count
 F = Vault count percentage of total count
                 A         B        C        D         E       F
            +---------+---------+-------+---------+---------+-------
      Total |  320242 |  232363 |  42.0 |    1156 |     515 |  30.8
            +---------+---------+-------+---------+---------+-------
        D:1 |      31 |       0 |   0.0 |      17 |       0 |   0.0
        D:2 |     100 |      17 |  14.5 |      29 |       3 |   9.4
        D:3 |     159 |      22 |  12.2 |      33 |      10 |  23.3
        D:4 |     342 |       0 |   0.0 |      13 |       0 |   0.0
        D:5 |     722 |     377 |  34.3 |      21 |       2 |   8.7
        D:6 |    1251 |       0 |   0.0 |      22 |       0 |   0.0
        D:7 |    1017 |     859 |  45.8 |      19 |       4 |  17.4
        D:8 |    1704 |     319 |  15.8 |      35 |       6 |  14.6
        D:9 |    3508 |       0 |   0.0 |      37 |       0 |   0.0
       D:10 |    1803 |    3240 |  64.2 |      29 |      14 |  32.6
       D:11 |    4993 |     429 |   7.9 |      38 |       8 |  17.4
       D:12 |    4456 |    2212 |  33.2 |      25 |       7 |  21.9
       D:13 |   10155 |       0 |   0.0 |      31 |       0 |   0.0
       D:14 |    2697 |    4751 |  63.8 |       6 |       9 |  60.0
       D:15 |    9959 |    2040 |  17.0 |      36 |       4 |  10.0
     Lair:1 |    2630 |    1830 |  41.0 |       6 |       9 |  60.0
     Lair:2 |    5631 |     900 |  13.8 |      20 |       1 |   4.8
     Lair:3 |    7464 |    7745 |  50.9 |      29 |      22 |  43.1
     Lair:4 |    7761 |    3066 |  28.3 |      28 |       7 |  20.0
     Lair:5 |    7995 |    3183 |  28.5 |      25 |      10 |  28.6
     Lair:6 |    9744 |   10974 |  53.0 |      29 |      23 |  44.2
    Swamp:1 |    6937 |       0 |   0.0 |      21 |       0 |   0.0
    Swamp:2 |   15212 |       0 |   0.0 |      40 |       0 |   0.0
    Swamp:3 |   12527 |       0 |   0.0 |      34 |       0 |   0.0
    Swamp:4 |    8049 |   15427 |  65.7 |      17 |      22 |  56.4
   Spider:1 |   18582 |    6201 |  25.0 |      52 |      14 |  21.2
   Spider:2 |   18187 |     165 |   0.9 |      63 |       1 |   1.6
   Spider:3 |   17149 |   12223 |  41.6 |      50 |      36 |  41.9
   Spider:4 |   20359 |   20744 |  50.5 |      59 |      41 |  41.0
      Orc:1 |    1586 |    1106 |  41.1 |      16 |       1 |   5.9
      Orc:2 |    4806 |    5918 |  55.2 |      44 |      47 |  51.6
      Elf:1 |   18027 |   11595 |  39.1 |      29 |      20 |  40.8
      Elf:2 |   15740 |   22428 |  58.8 |      27 |      28 |  50.9
      Elf:3 |    8415 |   17505 |  67.5 |      13 |      22 |  62.9
   Vaults:1 |   25494 |   14639 |  36.5 |      58 |      29 |  33.3
   Vaults:2 |   21187 |   21673 |  50.6 |      43 |      46 |  51.7
   Vaults:3 |   23863 |   39374 |  62.3 |      62 |      60 |  49.2
      IceCv |       0 |    1401 | 100.0 |       0 |       9 | 100.0
            +---------+---------+-------+---------+---------+-------
